 Dungeon Crawl Stone Soup version 0.32-a0-391-gce5c0aab1b (webtiles) character file.

Game seed: 2752027347516844322

28 Bravepunisher the Ducker (level 3, 19/19 HPs)
             Began as a Spriggan Monk on Feb 19, 2024.
             Quit the game in the Ecumenical Temple.
             The game lasted 00:01:46 (364 turns).

Bravepunisher the Ducker (Spriggan Monk)             Turns: 364, Time: 00:01:47

Health: 19/19      AC:  2    Str:  7    XL:     3   Next: 0%
Magic:  4/4        EV: 20    Int: 11    God:
Gold:   8          SH:  0    Dex: 19    Spells: 2/2 levels left

rFire   . . .        a - +0 short sword
rCold   . . .        (no shield)
rNeg    . . .        b - +0 robe
rPois   .            (helmet restricted)
rElec   .            (no cloak)
rCorr   .            (gloves unavailable)
SInv    +            (boots unavailable)
Will    .....        (no amulet)
Stlth   ++           (no ring)
HPRegen 0.23/turn    (no ring)
MPRegen 0.09/turn

%: no passive effects
@: very quick
A: very small, no large weapons, unfitting armour, see invisible, speed 3
a: no special abilities


You were in the Ecumenical Temple.
You visited 2 branches of the dungeon, and saw 6 of its levels.

You collected 8 gold pieces.

Inventory:

Hand Weapons
 a - a +0 short sword (weapon)
Armour
 b - a +0 robe (worn)
Potions
 c - a potion of ambrosia


   Skills:
 + Level 2.8 Fighting
 - Level 3.2 Short Blades
 * Level 5.1 Dodging


You had 2 spell levels left.
You didn't know any spells.
Your spell library contained the following spells:

 Spells                   Type           Power      Damage    Failure   Level
 Stone Arrow              Conj/Erth      0%         3d7       71%         3
 Animate Armour           Summ/Erth      0%         N/A       98%         4
 Lehudib's Crystal Spear  Conj/Erth      0%         10d2      100%        8


Dungeon Overview and Level Annotations

Branches:
Dungeon (5/15)             Temple (1/1) D:4

Altars:
Ashenzari
Cheibriados
Dithmenos
Gozag
Hepliaklqana
Kikubaaqudgha
Okawaru
Qazlal
Ru
Sif Muna
Wu Jian
Xom
Yredelemnul
The Shining One

Annotations:
D:4 Eustachio


Innate Abilities, Weirdness & Mutations

You are very small and have problems with some larger weapons.
You are too small for most types of armour.
You have supernaturally acute eyesight. (SInv)
You cover ground extremely quickly. (Speed+++)


Message History

The jackal attacks as it pursues you! The jackal misses you.
Found a scroll labelled TIRCHAFF GYCKE.
Found an amethyst potion.
Found a stone staircase leading down.
You see here an amethyst potion.
Eustachio the Magnificent comes into view.
He is wielding a +0 rapier and carrying a wand of flame.
There is a stone staircase leading down here.
You climb downwards.
Found a hand axe and a glowing scale mail.
There is a stone staircase leading up here.
An ice beast comes into view.
Found 11 gold pieces.
Found a mace.
Found 14 gold pieces.
Found a puce potion and 2 poisoned darts.
Found a stone staircase leading up.
Found a fizzy red potion.
Found a stone staircase leading up.
There is a stone staircase leading up here.
You climb upwards.
Level annotation: Eustachio
There is a stone staircase leading down here.
A hobgoblin, a sleepcap and an orc come into view.
A ball python comes into view.
A giant cockroach comes into view.
Found a stone staircase leading up.
The orc shouts!
You hear a shout! x2
The hobgoblin shouts!
You hear an angry hiss.
A hobgoblin comes into view.
A goblin comes into view. It is wielding a +0 club.
Found 11 gold pieces.
The giant cockroach misses you.
Found a staircase to the Ecumenical Temple.
An adder comes into view.
There is a staircase to the Ecumenical Temple here.
The adder hisses angrily.
You climb downwards.
Welcome to the Ecumenical Temple!
Found a hazy altar of Hepliaklqana.
Found a staircase back to the Dungeon.
There is a staircase back to the Dungeon here.
Are you sure you want to abandon this character and quit the game? (Confirm with "yes".)

.♣...♣♣....~~~~_...♣♣.....♣♣
♣♣..........~~~.~.........♣♣
♣♣............~.~.........~♣♣
≈~~~...............♣...♣.~≈≈♣
≈~~~.._......_..§..~.....≈≈≈♣
≈~~~....♣........~.~.~~..~≈≈♣
♣.~~...♣♣._.~♣♣♣..♣♣...~~~≈≈♣
♣~..♣♣....~.~♣♣...♣♣♣...~≈≈≈♣
♣._.~♣...~.~~...@§.♣♣...~≈≈≈♣♣
~.....~_.♣♣........♣♣.~~≈≈≈≈≈♣
~...~~...♣♣.~.....♣♣.♣.~~≈≈≈≈♣
.♣.......♣...~....~...~~~≈≈≈≈♣
........~......♣......~~~~~≈≈♣
..♣...♣...~..♣♣.......~~~.~≈≈♣
...♣..♣._....♣.♣._.~..~~..≈~≈♣
...♣......♣♣..~......~~~...≈≈♣
._.......♣...≈~.......~~.♣.≈♣♣


There were no monsters in sight!

Vanquished Creatures
  An adder (D:3)
  2 dart slugs (D:4)
  An endoplasm (D:3)
  A giant cockroach (D:3)
  A goblin (D:4)
  A quokka (D:3)
  A ball python (D:4)
  A rat (D:2)
9 creatures vanquished.

Notes
Turn   | Place    | Note
-------+----------+-------------------------------------------
     0 | D:1      | Bravepunisher the Spriggan Monk began the quest for the
                  | Orb.
     0 | D:1      | Reached XP level 1. HP: 11/11 MP: 2/2
    68 | D:3      | Reached XP level 2. HP: 11/16 MP: 3/3
   229 | D:4      | Reached skill level 5 in Dodging
   242 | D:4      | Noticed a bombardier beetle
   265 | D:4      | Noticed a scorpion
   276 | D:4      | Reached XP level 3. HP: 17/19 MP: 4/4
   322 | D:4      | Noticed Eustachio
   324 | D:5      | Entered Level 5 of the Dungeon
   327 | D:5      | Noticed an ice beast
   354 | D:4      | Found a staircase to the Ecumenical Temple.
   363 | Temple   | Entered the Ecumenical Temple
   364 | Temple   | Quit the game

Illustrated notes

Levels and vault maps discovered:
D:1:      dpeg_arrival_boxorama, layout_loops_cross,
          hellmonk_ecumenical_altar_leap_of_faith
D:2:      layout_loops_ring
D:3:      layout_basic, ebering_ghost_reflecting_pool
D:4:      layout_basic, minmay_temple_entry_stoned_glass, uniq_eustachio,
          uniq_crazy_yiuf_cottage
D:5:      gammafunk_wand_slinger, layout_cave_pools, mainiacjoe_overflow_paths,
          minmay_ogre_servants
Temple:   nicolae_temple_bog_church

Skill      XL: |  1  2 |
---------------+-------+-----
Dodging        | 5 |  5.1
Fighting       | |  2.8
Short Blades   | |  3.2

Action                     || total
---------------------------++-------
  Melee: Short sword       ||    42
   Stab: Sleeping          ||     1
 Armour: Robe              ||     8
  Dodge: Dodged            ||    36

Table legend: (Time is in decaauts)
 A = Elapsed time spent in this place.
 B = Non-inter-level travel time spent in this place.
 C = Inter-level travel time spent in this place.
 D = Time resting spent in this place.
 E = Time spent auto-exploring this place.
 F = Levels seen in this place.
 G = Mean time per level.
                   A        B        C        D        E       F      G
               +--------+--------+--------+--------+--------+-----+--------+
         Total |    244 |    244 |      0 |      0 |     84 |   6 |   40.7 |
       Dungeon |    243 |    243 |      0 |      0 |     84 |   5 |   48.6 |
        Temple |      0 |      0 |      0 |      0 |      0 |   1 |    0.0 |
               +--------+--------+--------+--------+--------+-----+--------+

Top non-repeatable levels by time:
     D:3: 99 daAuts
     D:4: 95 daAuts
     D:2: 26 daAuts
     D:5: 12 daAuts
     D:1: 8 daAuts
  Temple: 0 daAuts
